 Dungeon Crawl Stone Soup version 0.29.0-4-gdea44cf6ec (webtiles) character file.

Game seed: 7968409339196967890

72 Plasmagod the Chopper (level 4, -1/35 HPs)
             Began as a Formicid Fighter on Aug 27, 2022.
             Was an Initiate of Cheibriados.
             Slain by a water moccasin (7 damage)
             ... on level 5 of the Dungeon.
             The game lasted 00:05:27 (3267 turns).

Plasmagod the Chopper (Formicid Fighter)            Turns: 3267, Time: 00:05:28

Health: -1/35      AC:  8    Str: 23    XL:     4   Next: 50%
Magic:  4/4        EV: 13    Int:  9    God:    Cheibriados [......]
Gold:   156        SH:  5    Dex: 14    Spells: 3/3 levels left

rFire   . . .      SeeInvis +   u - -3 executioner's axe
rCold   . . .      Faith    .   c - +0 buckler
rNeg    + . .      Spirit   .   b - +0 scale mail
rPois   .          Reflect  .   (helmet unavailable)
rElec   .          Harm     .   (no cloak)
rCorr   .          Rampage  .   p - +0 pair of gloves
Will    .....                   (no boots)
Stlth   ..........              (no amulet)
HPRegen 0.11/turn               s - +4 ring of evasion
MPRegen 0.09/turn               i - ring of positive energy

@: very slow
A: permanent stasis, dig shafts and tunnels, antennae 3, four strong arms
a: Dig, Shaft Self, Renounce Religion


You were on level 5 of the Dungeon.
You worshipped Cheibriados.
Cheibriados was noncommittal.
You visited 1 branch of the dungeon, and saw 5 of its levels.

You collected 157 gold pieces.
You spent 1 gold pieces at shops.

Inventory:

Hand Weapons
 a - a +0 war axe
 u - a -3 executioner's axe (weapon)
Armour
 b - a +0 scale mail (worn)
 c - a +0 buckler (worn)
 p - a +0 pair of gloves (worn)
Jewellery
 i - a ring of positive energy (right hand)
 j - an amulet of magic regeneration
 m - a ring of magical power
 q - a ring of protection from fire
 s - a +4 ring of evasion (left hand)
Wands
 x - a wand of paralysis (5)
Scrolls
 e - 3 scrolls of identify {unknown}
 f - 3 scrolls of teleportation {unknown}
 k - a scroll of amnesia {unknown}
 l - a scroll of silence {unknown}
 t - a scroll of blinking {unknown}
Potions
 d - 2 potions of might
 g - a potion of degeneration {unknown}
 h - a potion of curing
 n - 2 potions of heal wounds {unknown}
 o - 2 potions of magic {unknown}
 r - a potion of brilliance {unknown}
 v - a potion of cancellation {unknown}
 w - a potion of attraction {unknown}


   Skills:
 - Level 3.3 Fighting
 + Level 4.2 Axes
 - Level 3.3 Armour
 - Level 4.1 Shields


You had 3 spell levels left.
You didn't know any spells.
Your spell library contained the following spells:

 Spells                   Type           Power      Damage    Failure   Level
 Foxfire                  Conj/Fire      0%         2x1d4     77%         1
 Magic Dart               Conj           0%         1d3       77%         1
 Call Imp                 Summ           0%         N/A       88%         2
 Conjure Flame            Conj/Fire      0%         6-21      98%         3
 Inner Flame              Hex/Fire       0%         N/A       98%         3
 Mephitic Cloud           Conj/Pois/Air  0%         N/A       98%         3
 Flame Wave               Conj/Fire      0%         2d4       100%        4
 Freezing Cloud           Conj/Ice/Air   0%         6-21      100%        5
 Simulacrum               Ice/Necr       0%         N/A       100%        6
 Polar Vortex             Ice            0%         N/A       100%        9


Dungeon Overview and Level Annotations

Branches:
Dungeon (5/15)
 Temple: D:4-7

Altars:
Cheibriados
Makhleb
Wu Jian
The Shining One

Shops:
D:3 ?   D:4 *


Innate Abilities, Weirdness & Mutations

You cannot be hasted, slowed, berserked, paralysed or teleported.
You can dig through walls and to a lower floor.
You have a pair of large antennae on your head. (SInv)
Your four strong arms can wield two-handed weapons with a shield.


Message History

The water moccasin completely misses you.
The water moccasin misses you.
You barely miss the water moccasin.
The water moccasin is lightly wounded.
The water moccasin closely misses you.
The water moccasin bites you but does no damage.
The water moccasin barely misses you.
You miss the water moccasin.
The water moccasin is lightly wounded.
The water moccasin misses you. You block the water moccasin's attack.
You closely miss the water moccasin.
The water moccasin is lightly wounded.
The water moccasin barely misses you. The water moccasin misses you.
You closely miss the water moccasin.
The water moccasin is lightly wounded.
The water moccasin closely misses you. The water moccasin barely misses you.
The water moccasin bites you.
* * * LOW HITPOINT WARNING * * *
Okay, then.
You miss the water moccasin.
The water moccasin is lightly wounded.
The water moccasin closely misses you.
The water moccasin bites you but does no damage.
You miss the water moccasin.
The water moccasin is lightly wounded.
The water moccasin closely misses you. The water moccasin bites you.
* * * LOW HITPOINT WARNING * * *
You are lethally poisoned!
The water moccasin poisons you!
The water moccasin bites you but does no damage.
You feel better. The water moccasin misses you.
You miss the water moccasin.
The water moccasin is lightly wounded.
The water moccasin misses you.
The water moccasin bites you but does no damage.
The water moccasin closely misses you.
You miss the water moccasin.
The water moccasin is lightly wounded.
The water moccasin bites you!
You die...

### #.. #.# {
#.# { { #.# {{
#.# ########
.#S# #...<..#
###.#@# ##.....#
#.. #?# #..)..#
#.# #.#
#.....###.###.#
#.....##...##.#
#.....#..~..#.#
#.......~~~...#
{
#.....#..~..#.#
{##+#####...##.#


You could see a water moccasin.

Vanquished Creatures
  An adder (D:2)
  An ufetubus (D:4)
  A dart slug (D:3)
  2 orcs (D:4)
  6 ball pythons
  5 endoplasms
  2 giant cockroaches
  4 goblins
  8 hobgoblins
  7 kobolds
  2 quokkas
  4 bats
  A frilled lizard (D:1)
  4 rats (D:1)
48 creatures vanquished.

Notes
Turn   | Place    | Note
-------+----------+-------------------------------------------
     0 | D:1      | Plasmagod the Formicid Fighter began the quest for the Orb.
     0 | D:1      | Reached XP level 1. HP: 18/18 MP: 1/1
   144 | D:1      | Reached XP level 2. HP: 19/24 MP: 2/2
   546 | D:1      | Reached XP level 3. HP: 29/29 MP: 3/3
  1411 | D:3      | Identified the +1 leather armour "Lomai" {Dex+5}
  1445 | D:3      | Found Xovizul's Magic Scroll Boutique.
  1457 | D:3      | Reached XP level 4. HP: 25/35 MP: 4/4
  1665 | D:3      | Found a glowing golden altar of the Shining One.
  1871 | D:3      | Found a burning altar of Makhleb.
  1873 | D:3      | Noticed a blizzard demon
  1877 | D:3      | Noticed a hellwing
  1877 | D:3      | Noticed an orange demon
  2472 | D:4      | Found an ornate altar of the Wu Jian Council.
  2579 | D:4      | Found Besmin's Lightly-Used Armoury.
  2585 | D:4      | Bought a -3 executioner's axe for 1 gold piece
  2675 | D:4      | Found a snail-covered altar of Cheibriados.
  2688 | D:4      | Became a worshipper of Cheibriados the Contemplative
  3226 | D:5      | Entered Level 5 of the Dungeon
  3245 | D:5      | Noticed a water moccasin
  3264 | D:5      | HP: 1/35 [water moccasin (4)]
  3267 | D:5      | Slain by a water moccasin

Illustrated notes

Levels and vault maps discovered:
D:1:      amcnicky_arrival_feature_with_door, layout_loops_ring
D:2:      layout_basic, minmay_misc_feat_four_crosses,
          kennysheep_generic_room_12
D:3:      layout_loops_corners, nicolae_tso_swordbearing_angel,
          makhleb_altar_promises_db, serial_shops,
          nicolae_shop_temple_entry_statues_fountains, hangedman_decor_riveting
D:4:      layout_loops_cross, nicolae_wu_jian_wuxing_cycle, old_standard_altar,
          grunt_decor_junction, minmay_shop_damaged
D:5:      layout_basic, ebering_ghost_inner_flame, serial_bayou,
          serial_bayou_ford_a, serial_bayou_pond_c, serial_bayou_shore_a,
          serial_bayou_pond_c, chequers_serial_rivers_micro_b,
          nicolae_elemental_shop, amcnicky_mini_rare_corridor_liquid,
          amcnicky_mini_pool_small, nicolae_specific_store,
          kennysheep_small_spiral, uniq_prince_ribbit1, uniq_sigmund,
          uniq_edmund

Skill      XL: |  1  2  3  4 |
---------------+-------------+-----
Axes           | 3 4 |  4.2
Fighting       | |  3.3
Armour         | |  3.3
Shields        | |  4.1

Action                   |  1- 3 |  4- 6 || total
-------------------------+-------+-------++-------
Melee: War axe           |    86 |    33 ||   119
       Executioner's axe |       |    28 ||    28
  Use: Potion            |       |     2 ||     2
Armor: Scale mail        |    38 |    27 ||    65
Dodge: Dodged            |    33 |    49 ||    82
Block: Buckler           |    21 |    21 ||    42
